Description

Beginner Mech build based on PiG B2GM series 2021 for Platinum league.

VOD

https://youtu.be/2s8vSuhn2YA?t=1257

Build Order

Get SALT Encoding   

  14  0:18  Supply Depot  
  16  0:41  Barracks  
  16  0:45  Refinery  
  19  1:28  Marine  
  20  1:29  Orbital Command  
  20  1:46  Command Center  Natural expansion
  21  1:59  Factory  Land on Rax Tech lab
  21  2:01  Barracks Tech Lab  Lift off once complete
  22  2:11  Refinery  
  22  2:18  Supply Depot  
  24  2:42  Marine  
  25  2:48  Cyclone  
  29  2:55  Starport  
  29  2:59  Marine  
  30  3:03  Orbital Command  
  31  3:19  Barracks Tech Lab  Use this for Starport swap
  39  3:49  Bunker  
  39  3:50  Banshee  
  44  4:00  Personal Cloaking  Cloak banshee
  46  4:11  Command Center  
  48  4:20  Refinery x2  Natural Base
  48  4:33  Banshee  
  54  4:49  Barracks Reactor  Lift rax up for Factory when done. No more Rax
  59  5:15  Banshee  
  66  5:32  Factory x2  
  66  5:36  Armory  
Spawning Tool Build Advisor. Get it on Overwolf

Go to:

Details

  • Created by: zebulajams    
  • Published on: Nov 18, 2021
  • Modified on: Nov 19, 2021
  • Patch: 4.11.0
  • Difficulty: Easy
Show
View Real Time Build Order
Export as new Build Order

Comments (0)

There are no comments. Be the first!

Create an account to comment!